 Dungeon Crawl Stone Soup version 0.31-a0-198-g2ad674f65e (webtiles) character file.

Game seed: 8655182711309991231

110 qw the Skirmisher (level 4, 0/25 HPs)
             Began as a Deep Elf Hunter on June 25, 2023.
             Slain by an orc priest
             ... wielding a +0 hand axe of pain
              (3 damage)
             ... on level 3 of the Dungeon.
             The game lasted 00:00:54 (2452 turns).

qw the Skirmisher (Deep Elf Hunter)                 Turns: 2452, Time: 00:00:55

Health: 0/25       AC:  6    Str: 10    XL:     4   Next: 61%
Magic:  6/6        EV: 11    Int: 14    God:
Gold:   108        SH:  0    Dex: 18    Spells: 3/3 levels left

rFire   . . .        Y - +0 shortbow
rCold   . . .        (shield currently unavailable)
rNeg    . . .        h - +1 ring mail
rPois   .            (no helmet)
rElec   .            (no cloak)
rCorr   .            (no gloves)
SInv    .            (no boots)
Will    .....        (no amulet)
Stlth   +            (no ring)
HPRegen 0.24/turn    (no ring)
MPRegen 0.10/turn

%: no passive effects
@: about to teleport
A: no striking features
a: no special abilities


You were on level 3 of the Dungeon.
You visited 1 branch of the dungeon, and saw 3 of its levels.

You collected 108 gold pieces.


   Skills:
 - Level 1.5 Fighting
 + Level 8.0 Ranged Weapons
 - Level 2.4 Dodging
 - Level 1.2 Stealth


You had 3 spell levels left.
You didn't know any spells.
Your spell library was empty.

Inventory:

Hand Weapons
 Y - a +0 shortbow (weapon)
Armour
 h - a +1 ring mail (worn)
Scrolls
 c - a scroll of teleportation
Potions
 a - 2 potions of heal wounds {unknown}
 b - a potion of lignification {unknown}
 d - a potion of curing {unknown}
 i - a potion of resistance {unknown}
 j - a potion of ambrosia {unknown}

Dungeon Overview and Level Annotations

Branches:
Dungeon (3/15)

Altars:


Message History

The orc priest shouts!
The bat hits you but does no damage.
An orc priest comes into view. It is wielding a +0 club.
You shoot an arrow.
The arrow hits the bat but does no damage.
The bat hits you.
The orc priest invokes the aid of Beogh against you.
Beogh smites you!
You shoot an arrow.
The arrow hits the orc but does no damage.
The orc is almost dead.
The bat barely misses you. The orc barely misses you.
You shoot an arrow. The arrow barely misses the orc.
The arrow hits the orc.
The orc is almost dead.
The bat misses you.
You shoot an arrow. The arrow barely misses the orc.
The arrow hits the orc but does no damage.
The orc is almost dead.
The bat closely misses you.
The orc priest calls upon Beogh to heal the orc.
The orc's wounds heal themselves!
You shoot an arrow. The arrow barely misses the orc.
The arrow hits the orc.
You kill the orc!
The bat barely misses you. The orc hits you with a +0 whip.
The orc priest calls upon Beogh to heal the orc.
The orc's wounds heal themselves!
The bat hits you but does no damage.
You shoot an arrow.
The arrow completely misses the orc priest.
The bat hits you but does no damage. The orc hits you with a +0 whip.
The orc priest hits you with a +0 hand axe of pain.
You writhe in agony.
The orc priest invokes the aid of Beogh against you.
You barely resist. The orc hits you with a +0 whip.
2452 ||| READING 2 scrolls of teleportation.
As you read the scroll of teleportation, it crumbles to dust.
You feel strangely unstable. The bat hits you.
The orc hits you but does no damage.
The orc priest hits you with a +0 hand axe of pain.
You writhe in agony.
You die...

##....####.##.#
).##..#.......# ######
#.##..#.##.#### ......
#>#...#.##.##.. .....
...........##.. ...###.
#.#.#########.###.......
#.#.# #.##.o...##.
..#.## #.##.o......
##...# #...@ob.## #...#
#....(.....< #...#
#.##.#.##### #...#
###.%..#.##
##...######.........#
..........#.#..#.....
..........)...........
..........#.##.........
.#....#####.# ......#


You could see 2 orc priests, an orc and a bat.

Vanquished Creatures
  3 adders (D:2)
  2 worms (D:2)
  2 orcs (D:3)
  7 bats
  8 endoplasms
  4 giant cockroaches
  4 goblins
  8 hobgoblins
  3 quokkas
  9 ball pythons
  5 frilled lizards
  9 kobolds
  7 rats (D:2)
71 creatures vanquished.

Notes
Turn   | Place    | Note
-------+----------+-------------------------------------------
     0 | D:1      | qw the Deep Elf Hunter began the quest for the Orb.
     0 | D:1      | Reached XP level 1. HP: 12/12 MP: 3/3
     0 | D:1      | 0 ||| qw: Version: 0.3-a-22-g0ed2b0b
     0 | D:1      | 0 ||| qw: Game counter: 5302
     0 | D:1      | 0 ||| qw: Melee chars always use a shield: true
     0 | D:1      | 0 ||| qw: God list: Okawaru
     0 | D:1      | 0 ||| qw: Allow faded altars: false
     0 | D:1      | 0 ||| qw: Do Orc after clearing Dungeon:15 true
     0 | D:1      | 0 ||| qw: Do second Lair branch before Depths: true
     0 | D:1      | 0 ||| qw: Lair rune preference: random
     0 | D:1      | 0 ||| qw: Goals: Normal
     0 | D:1      | 0 ||| PLANNING D:1-11
    79 | D:1      | You fall into a shaft and drop 1 floor!
   159 | D:2      | Reached XP level 2. HP: 16/16 MP: 4/4
   162 | D:2      | Reached skill level 6 in Ranged Weapons
   447 | D:2      | Reached XP level 3. HP: 20/20 MP: 5/5
   552 | D:2      | 552 ||| UPGRADING to +0 ring mail.
   562 | D:2      | 562 ||| DROPPING +0 leather armour.
   563 | D:2      | 563 ||| READING scroll labelled RAICHI CUNAFI.
   567 | D:2      | 567 ||| READING scroll labelled XYEPHURASA.
   568 | D:2      | 568 ||| READING scroll labelled HAHANL DONG.
   569 | D:2      | 569 ||| READING 2 scrolls labelled AKIENAFOVU.
   570 | D:2      | 570 ||| READING scroll of enchant armour.
   570 | D:2      | 570 ||| ENCHANTING +0 ring mail.
   571 | D:2      | 571 ||| DRINKING 2 bubbling emerald potions.
   572 | D:2      | 572 ||| DROPPING scroll of butterflies.
   573 | D:2      | 573 ||| DROPPING potion of brilliance.
   629 | D:1      | Reached skill level 7 in Ranged Weapons
  1304 | D:1      | 1304 ||| READING scroll labelled KEIXZA POPRE.
  1349 | D:2      | Reached XP level 4. HP: 25/25 MP: 6/6
  1920 | D:2      | 1920 ||| READING scroll labelled CERUEDW JAEFA.
  1991 | D:3      | 1991 ||| FLEEEEING.
  1992 | D:3      | 1992 ||| FLEEEEING.
  1993 | D:3      | 1993 ||| FLEEEEING.
  1994 | D:3      | 1994 ||| FLEEEEING.
  1995 | D:3      | 1995 ||| FLEEEEING.
  1996 | D:3      | 1996 ||| FLEEEEING.
  1997 | D:3      | 1997 ||| FLEEEEING.
  1998 | D:3      | 1998 ||| STAIRDANCE
  2044 | D:3      | 2044 ||| Stepping ~*~*~tactically~*~*~ (outnumbered).
  2046 | D:3      | 2046 ||| Stepping ~*~*~tactically~*~*~ (outnumbered).
  2291 | D:3      | Reached skill level 8 in Ranged Weapons
  2451 | D:3      | HP: 6/25 [orc/+0 whip (3)]
  2452 | D:3      | 2452 ||| READING 2 scrolls of teleportation.
  2452 | D:3      | Slain by an orc priest

Levels and vault maps discovered:
D:1:      dpeg_arrival_concentric_ovals, layout_basic
D:2:      minmay_inner_zag, layout_basic, minmay_door_square, minmay_tall_x
D:3:      layout_loops_cross, overflow_temple_1_default

Skill      XL: |  1  2  3  4 |
---------------+-------------+-----
Ranged Weapons | 6 7 8 |  8.0
Fighting       | |  1.5
Dodging        | |  2.4
Stealth        | |  1.2

Action                     |  1- 3 |  4- 6 || total
---------------------------+-------+-------++-------
   Fire: Shortbow          |   111 |   105 ||   216
    Use: Scroll            |     6 |     2 ||     8
         Potion            |     1 |       ||     1
 Armour: Leather armour    |     3 |       ||     3
         Ring mail         |     8 |    12 ||    20
  Dodge: Dodged            |    27 |    22 ||    49

Table legend:
 A = Non-vault XP
 B = Vault XP
 C = Vault XP percentage of total XP
 D = Non-vault monster count
 E = Vault monster count
 F = Vault count percentage of total count
                 A         B        C        D         E       F
            +---------+---------+-------+---------+---------+-------
      Total |     142 |      16 |  10.1 |      61 |      10 |  14.1
            +---------+---------+-------+---------+---------+-------
        D:1 |      38 |       0 |   0.0 |      22 |       0 |   0.0
        D:2 |      79 |      16 |  16.8 |      25 |      10 |  28.6
        D:3 |      25 |       0 |   0.0 |      14 |       0 |   0.0
            +---------+---------+-------+---------+---------+-------
